Map: Romanticide LE

Players

milkicow

  • Race: Terran Terran
  • League: Grandmaster

MaxPax - Winner!

  • Race: Protoss Protoss
  • League: Grandmaster

Event: DreamHack SC2 Masters 2021 Summer

VOD

Have the link to the VOD?

Description

Time

  • Played on: May 25, 2021, 12:35 p.m.
  • Length: 23:15

All games in this series

Show
View Real Time Build Order
Export as new Build Order

milkicow Terran 

Build Orders: Reaper Expand, Banshee Rush 

Get SALT Encoding   

  12  0:00  SCV  
  13  0:13  SCV  
  14  0:18  Supply Depot  
  14  0:25  SCV  
  15  0:39  SCV  
  15  0:40  Barracks  
  16  0:43  Refinery  
  16  0:51  SCV  
  17  1:03  SCV  
  18  1:15  SCV  
  19  1:27  Reaper  
  19  1:28  Orbital Command  
  20  1:42  Command Center  
  20  1:52  Supply Depot  
  20  1:54  SCV  
  21  1:59  Marine  
  23  2:08  SCV  
  23  2:10  Factory  
  23  2:17  Bunker  
  23  2:20  SCV  
  23  2:22  Barracks Reactor  
  24  2:28  Refinery  
  24  2:32  SCV  
  25  2:44  SCV  
  26  2:53  Orbital Command  
  26  2:56  Starport  
  26  2:57  SCV  
  27  3:01  Hellion  
  29  3:07  Marine  
  29  3:08  Marine  
  29  3:09  SCV  
  32  3:19  SCV  
  33  3:21  SCV  
  33  3:22  Factory Tech Lab  
  33  3:25  Marine  
  33  3:26  Marine  
  36  3:31  SCV  
  36  3:32  Supply Depot  
  37  3:36  SCV  
  38  3:43  Marine  
  38  3:44  SCV  
  38  3:48  Cloaking Field, Marine  
  41  3:49  Banshee  
  41  3:50  Factory Tech Lab  
  44  3:56  Supply Depot  
  44  4:01  SCV  
  44  4:02  Marine  
  45  4:03  SCV  
  45  4:07  Marine  
  48  4:10  Supply Depot  
  48  4:13  SCV, Siege Tank  
  48  4:15  SCV  
  53  4:21  Marine  
  53  4:22  Supply Depot  
  54  4:25  SCV  
  54  4:26  Marine  
  54  4:27  SCV  
  57  4:34  Banshee  
  57  4:37  SCV  
  61  4:40  SCV  
  61  4:41  Marine  
  61  4:42  Barracks  
  63  4:46  Supply Depot  
  63  4:49  SCV  
  63  4:51  Siege Tank  
  67  4:53  SCV  
  67  4:54  Marine  
  69  5:01  SCV  
  69  5:02  Supply Depot  
  69  5:05  Marine  
  71  5:08  Bunker  
  71  5:11  SCV  
  71  5:14  Refinery, Marine  
  72  5:15  Engineering Bay  
  71  5:21  SCV  
  71  5:25  SCV, Siege Tank  
  71  5:33  SCV  
  71  5:37  SCV  
  72  5:42  Stimpack  
  72  5:43  Marauder  
  72  5:45  SCV  
  72  5:47  Marine  
  73  5:56  Marine  
  74  5:57  SCV  
  74  6:00  Command Center  
  74  6:01  Starport Reactor  
  74  6:02  SCV  
  76  6:08  Marine, Terran Infantry Weapons Level 1  
  76  6:09  Refinery, Supply Depot  
  77  6:13  Marine  
  77  6:14  SCV  
  77  6:15  SCV  
  80  6:18  Marine  
  80  6:22  Siege Tank  
  80  6:23  Barracks  
  82  6:30  SCV, Marine  
  82  6:31  Marauder  
  82  6:32  SCV  
  83  6:41  Barracks, Marine  
  83  6:42  Barracks, Supply Depot  
  83  6:43  SCV, Medivac  
  83  6:44  SCV  
  88  6:47  Supply Depot  
  88  6:50  Medivac  
  88  6:51  Marine  
  88  6:53  Marauder  
  93  6:59  SCV, Marine  
  95  7:04  SCV  
  96  7:08  Marine  
  96  7:11  SCV, Missile Turret  
  96  7:14  Marauder  
  99  7:18  SCV  
  99  7:22  Medivac x2  
  100  7:23  SCV  
  100  7:25  Marine x2  
  100  7:27  Factory Reactor, Combat Shield  
  104  7:30  SCV, Missile Turret  
  104  7:32  Barracks Tech Lab  
  104  7:35  SCV  
  104  7:36  SCV, Marauder  
  108  7:37  Marine  
  111  7:44  Marauder  
  111  7:45  Marine  
  111  7:46  SCV  
  111  7:48  Orbital Command  
  111  7:49  Marine  
  111  7:51  SCV, Marauder  
  116  7:55  Marine, Medivac  
  116  7:57  Marauder  
  116  7:58  SCV  
  123  8:00  Supply Depot  
  123  8:03  SCV, Marine  
  123  8:04  Concussive Shells  
  123  8:05  Marauder  
  127  8:10  SCV  
  127  8:12  Marauder  
  127  8:13  Barracks Reactor, Supply Depot  
  127  8:14  Terran Infantry Armor Level 1  
  127  8:15  SCV x2, Marine  
  127  8:18  Marauder  
  125  8:21  Widow Mine, Supply Depot  
  125  8:22  Widow Mine, SCV  
  125  8:24  Refinery x2  
  125  8:25  Bunker  
  125  8:26  Supply Depot  
  130  8:28  SCV  
  130  8:31  Missile Turret  
  130  8:33  Marauder  
  130  8:34  Marine x2  
  131  8:35  SCV, Marauder  
  131  8:37  SCV  
  131  8:38  Medivac  
  131  8:39  Marine  
  140  8:41  SCV  
  140  8:43  Widow Mine  
  140  8:46  Armory  
  142  8:48  Missile Turret  
  142  8:51  Marine  
  142  8:53  Engineering Bay  
  143  8:58  Marine  
  143  8:59  Marauder, Marine  
  143  9:00  SCV, Marauder, Marine  
  143  9:01  Marine  
  152  9:08  SCV  
  152  9:09  Marine  
  153  9:16  Marine  
  154  9:17  Marine  
  154  9:18  SCV, Marine  
  154  9:19  Marauder  
  154  9:20  Marauder  
  154  9:21  SCV x2, Marauder  
  165  9:24  Missile Turret  
  164  9:33  Medivac x2, Supply Depot  
  164  9:34  Widow Mine x2  
  164  9:35  Terran Infantry Weapons Level 2, Ghost Academy  
  172  9:46  Marauder  
  172  9:48  Marine  
  172  9:49  Marauder  
  172  9:51  Marine  
  173  9:54  Marine, Command Center  
  173  9:55  Marauder  
  171  10:00  Marine  
  171  10:02  Terran Ship Weapons Level 1, Supply Depot  
  171  10:06  Marine  
  175  10:07  Marauder  
  175  10:08  Viking  
  175  10:10  Marauder  
  179  10:15  Ghost  
  181  10:22  Marine  
  181  10:27  Ghost  
  182  10:31  Barracks, Ghost  
  182  10:34  Terran Infantry Armor Level 2, Barracks  
  182  10:35  Starport  
  184  10:40  Marine, Viking  
  187  10:45  Marauder  
  187  10:49  Marine, Viking  
  189  10:57  Marauder  
  189  10:59  Marine  
  189  11:00  Marauder  
  179  11:06  Marauder  
  179  11:08  Marine  
  179  11:10  Viking  
  186  11:18  Marauder  
  186  11:21  Marauder, Marine  
  186  11:23  Marine  
  190  11:26  Barracks Tech Lab x2  
  190  11:27  Marauder  
  190  11:28  Fusion Core  
  190  11:31  Marine x2  
  194  11:34  Refinery, Medivac  
  194  11:36  Refinery  
  194  11:37  Sensor Tower  
  198  11:40  Marauder, Planetary Fortress  
  198  11:48  Command Center  
  198  11:52  Missile Turret  
  187  12:03  Liberator  
  187  12:07  Terran Infantry Weapons Level 3  
  194  12:14  Terran Ship Weapons Level 2, Marine  
  194  12:15  Marauder  
  190  12:18  Advanced Ballistics  
  190  12:19  Command Center  
  190  12:21  Command Center  
  190  12:26  Liberator x2  
  196  12:34  Liberator  
  199  12:42  Command Center  
  195  13:03  Liberator  
  195  13:04  Marauder  
  200  13:07  Terran Infantry Armor Level 3  
  190  13:12  Sensor Tower  
  190  13:23  Liberator  
  190  13:25  Marine  
  190  13:26  Marauder  
  197  13:30  Medivac x2  
  197  13:32  Enhanced Shockwaves  
  197  13:33  Planetary Fortress  
  189  13:35  Orbital Command x2  
  165  13:42  Marine  
  165  13:43  Marauder  
  165  13:45  Marine  
  165  13:46  Marauder, Liberator  
  171  13:57  Orbital Command  
  171  14:00  Liberator  
  171  14:01  Medivac  
  173  14:05  Marine  
  173  14:06  Marauder  
  173  14:09  Marauder, Marine  
  175  14:23  Ghost Academy  
  175  14:24  Command Center, Ghost Academy  
  175  14:25  Marine, Command Center  
  175  14:26  Marauder  
  175  14:28  Ghost  
  175  14:29  Ghost  
  175  14:31  Marine  
  182  14:34  Sensor Tower  
  182  14:42  Ghost  
  180  14:52  Refinery  
  180  14:53  Refinery  
  180  14:54  Personal Cloaking, Missile Turret, Terran Ship Weapons Level 3  
  177  15:05  Liberator, Marauder, Marine  
  164  15:08  Marauder, Marine  
  164  15:10  SCV  
  168  15:15  Marine  
  168  15:16  Marauder  
  168  15:20  Marine  
  168  15:21  Marauder  
  174  15:25  Marauder, Marine  
  177  15:30  Marine  
  177  15:31  Marauder  
  180  15:41  Nuke x2  
  175  15:46  Marauder x2, Marine x2  
  175  15:47  Marauder  
  182  15:53  Marauder x2, Marine x2  
  188  16:04  Marine  
  186  16:08  Marauder  
  186  16:10  Marauder, Marine  
  186  16:11  Marauder, Marine  
  172  16:12  Liberator  
  172  16:13  Marine  
  172  16:15  Marauder x2  
  172  16:17  Liberator x3  
  189  16:20  Nuke  
  189  16:22  Orbital Command  
  189  16:28  Ghost  
  190  16:33  Orbital Command  
  190  16:36  Marine  
  190  16:37  Marauder, Marine x2  
  190  16:38  Marauder x2  
  190  16:39  Marine  
  178  16:42  Marauder  
  175  16:55  Liberator  
  175  16:57  Ghost  
  175  17:00  Ghost x2  
  184  17:06  Marauder, Marine  
  184  17:07  Marauder  
  189  17:13  Neosteel Armor  
  185  17:30  Ghost x2  
  185  17:31  Marauder, Marine  
  185  17:32  Sensor Tower  
  192  17:42  Marine x2  
  192  17:43  Marauder x2, Marine  
  180  17:48  Marine  
  179  17:51  Liberator  
  179  17:52  Marauder  
  174  17:59  SCV, Marauder x2  
  174  18:00  Marine x3  
  174  18:04  Marauder x2  
  183  18:06  Marine  
  184  18:14  Factory Tech Lab, Marauder  
  184  18:18  Marine x3  
  188  18:20  Marauder  
  188  18:21  Marauder  
  188  18:24  Liberator x2, Marine  
  188  18:25  Marine  
  200  18:46  Marine  
  200  18:47  Marauder  
  196  18:49  Marine  
  196  18:50  Marauder, Marine  
  188  19:08  Marauder, Ghost  
  188  19:09  Liberator  
  167  19:10  Liberator, Marauder, Marine  
  167  19:11  Marine  
  167  19:12  Marauder, Liberator x2  
  167  19:13  Marine  
  167  19:14  Marauder  
  181  19:17  Marine  
  182  19:29  Ghost  
  184  19:31  Marauder  
  184  19:32  Marine  
  184  19:33  Marauder  
  184  19:35  Marauder  
  191  19:42  Marine x2  
  191  19:44  Marine  
  195  19:46  Planetary Fortress  
  195  19:47  Missile Turret  
  195  19:48  Hi-Sec Auto Tracking  
  195  19:53  Marauder  
  195  19:55  Marauder, Marine  
  198  20:02  Marauder  
  198  20:06  Marauder, Marine  
  195  20:09  Liberator  
  198  20:19  Marauder  
  200  20:27  Medivac x2  
  200  20:32  Command Center  
  199  20:42  Marine x3  
  193  20:43  Marauder  
  193  20:48  Medivac  
  196  20:52  Marine  
  195  21:11  Marauder x2, Marine x3  
  182  21:14  SCV  
  182  21:16  Marauder, Marine  
  182  21:17  Liberator x2  
  184  21:18  Marauder  
  184  21:19  Medivac x2  
  188  21:29  Marine x2  
  188  21:32  Ghost  
  192  21:33  Marauder  
  192  21:35  Marine  
  192  21:38  Marauder  
  195  21:40  Command Center  
  184  21:48  Liberator  
  184  21:52  Marauder  
  182  21:54  Marauder  
  182  21:55  Marine  
  182  21:58  Missile Turret  
  182  21:59  Marauder  
  182  22:01  Marauder, Marine x2  
  177  22:11  Marine  
  177  22:13  Marauder  
  177  22:15  Ghost  
  182  22:20  Ghost  
  182  22:22  Ghost, Marine  
  169  22:23  Marine  
  169  22:24  Marine  
  169  22:25  Orbital Command  
  169  22:29  Marine  
  174  22:35  Marauder  
  175  22:39  Marine  
  175  22:42  Marine  
  175  22:43  SCV, Ghost  
  178  22:51  Marauder  
  178  22:56  Marine x2  
Show
View Real Time Build Order
Export as new Build Order

MaxPax Protoss - Winner!

Build Orders: 1 Gate Expand, Blink Stalkers 

Get SALT Encoding   

  12  0:00  Probe  
  13  0:12  Probe  
  14  0:17  Pylon  
  14  0:24  Probe (Chrono Boost)  
  15  0:36  Probe (Chrono Boost)  
  15  0:39  Gateway  
  16  0:43  Probe (Chrono Boost)  
  16  0:45  Assimilator  
  17  0:51  Probe  
  18  1:03  Probe  
  19  1:15  Probe  
  20  1:26  Cybernetics Core  
  20  1:34  Nexus  
  20  1:35  Probe  
  21  1:41  Pylon  
  21  1:47  Probe  
  21  1:48  Assimilator  
  22  1:59  Probe, Adept (Chrono Boost)  
  23  2:04  Warp Gate  
  25  2:11  Probe (Chrono Boost)  
  26  2:22  Probe (Chrono Boost), Adept  
  29  2:27  Probe (Chrono Boost)  
  29  2:28  Twilight Council  
  30  2:39  Probe (Chrono Boost)  
  31  2:45  Probe (Chrono Boost)  
  33  2:55  Probe x2 (Chrono Boost)  
  34  2:59  Gateway, Blink (Chrono Boost)  
  34  3:00  Probe (Chrono Boost)  
  34  3:01  Probe  
  36  3:12  Probe  
  37  3:14  Probe  
  37  3:18  Robotics Facility  
  38  3:24  Probe  
  38  3:26  Probe  
  40  3:27  Gateway  
  40  3:36  Probe, Pylon  
  40  3:38  Probe  
  42  3:45  Gateway  
  42  3:47  Shield Battery  
  42  3:48  Probe  
  43  3:50  Probe  
  44  4:01  Warp Prism (Chrono Boost), Pylon  
  43  4:03  Assimilator, Stalker  
  43  4:07  Stalker  
  48  4:10  Probe x2  
  48  4:16  Pylon  
  50  4:23  Pylon, Stalker  
  52  4:28  Assimilator, Stalker  
  52  4:30  Probe  
  52  4:31  Observer  
  56  4:33  Probe  
  57  4:41  Pylon  
  57  4:51  Stalker x3  
  64  4:53  Stalker  
  64  4:54  Probe  
  66  5:15  Stalker  
  66  5:16  Observer (Chrono Boost), Stalker  
  69  5:22  Probe x2  
  69  5:34  Probe x2  
  69  5:35  Shield Battery  
  68  5:41  Stalker x3  
  71  5:42  Stalker  
  71  5:46  Probe x2  
  74  5:50  Charge (Chrono Boost)  
  74  5:58  Probe x2  
  76  6:07  Nexus  
  76  6:10  Probe  
  78  6:14  Observer  
  78  6:17  Probe  
  78  6:28  Observer  
  78  6:29  Probe  
  78  6:30  Probe  
  80  6:37  Pylon  
  80  6:39  Pylon, Forge, Robotics Bay  
  80  6:42  Probe x2 (Chrono Boost)  
  82  6:51  Probe x2 (Chrono Boost)  
  84  6:56  Probe x2 (Chrono Boost)  
  85  7:03  Sentry x2  
  85  7:04  Zealot x2  
  85  7:08  Probe x2, Shield Battery  
  94  7:09  Pylon  
  95  7:20  Probe x2  
  96  7:22  Probe  
  96  7:26  Colossus (Chrono Boost)  
  102  7:32  Probe x2, Extended Thermal Lance  
  102  7:35  Probe  
  105  7:38  Protoss Ground Weapons Level 1 (Chrono Boost)  
  105  7:42  Gateway  
  105  7:44  Probe x2, Gateway  
  105  7:47  Probe, Shield Battery  
  107  7:55  Stalker x2  
  107  7:56  Probe  
  107  7:57  Probe, Gateway  
  112  7:59  Probe  
  113  8:08  Probe  
  113  8:09  Observer  
  113  8:10  Zealot x2  
  116  8:17  Colossus (Chrono Boost)  
  120  8:25  Gateway  
  120  8:28  Photon Cannon  
  120  8:32  Nexus  
  120  8:33  Pylon  
  120  8:41  Photon Cannon  
  120  8:44  Zealot x2, Pylon  
  124  8:49  Templar Archives  
  124  8:53  Pylon  
  124  8:54  Colossus (Chrono Boost), Pylon  
  124  9:00  Photon Cannon  
  130  9:06  Pylon  
  130  9:07  Pylon  
  130  9:14  Zealot x6  
  139  9:24  Probe x2  
  139  9:32  Shield Battery  
  139  9:34  High Templar x2, Pylon  
  139  9:35  High Templar x4  
  151  9:40  Archon x3, Protoss Ground Armor Level 1  
  151  9:41  Gateway  
  151  9:42  Gateway  
  151  9:57  Nexus  
  145  10:00  Stalker x2  
  149  10:07  Probe  
  149  10:10  Photon Cannon  
  149  10:13  High Templar x2, Zealot  
  156  10:17  Archon  
  156  10:18  Forge  
  156  10:23  Pylon  
  156  10:26  Probe  
  157  10:28  Probe  
  157  10:34  Pylon  
  157  10:35  Shield Battery  
  158  10:37  Photon Cannon, Shield Battery  
  158  10:39  Pylon  
  158  10:40  Zealot x5  
  168  10:46  Probe x2  
  168  10:48  Shield Battery  
  147  11:10  Nexus  
  145  11:15  Stalker x5  
  145  11:16  Stalker x2  
  165  11:26  Photon Cannon  
  165  11:30  Disruptor (Chrono Boost), Pylon  
  162  11:33  Probe x2, Robotics Facility  
  162  11:36  Pylon  
  164  11:42  Probe  
  158  11:56  Disruptor (Chrono Boost)  
  158  11:59  Nexus  
  158  12:00  Probe x2  
  161  12:01  Shield Battery  
  161  12:04  Probe  
  161  12:05  Protoss Ground Weapons Level 2 (Chrono Boost)  
  161  12:06  Assimilator, Protoss Ground Armor Level 2 (Chrono Boost)  
  161  12:07  Assimilator  
  161  12:08  Photon Cannon, Pylon  
  162  12:12  Probe  
  162  12:14  Probe, Shield Battery  
  164  12:20  Zealot  
  164  12:21  Probe, Disruptor, Assimilator  
  170  12:24  Probe, Assimilator  
  170  12:28  High Templar x2  
  170  12:29  Zealot x2  
  179  12:33  Archon  
  179  12:35  Disruptor  
  180  12:40  Photon Cannon  
  162  12:53  Nexus  
  162  12:55  Pylon  
  162  12:57  Disruptor  
  165  13:07  Photon Cannon x2  
  165  13:08  Stalker x4  
  165  13:10  Pylon  
  173  13:28  Zealot x2  
  178  13:38  Zealot x8  
  178  13:39  Disruptor (Chrono Boost)  
  186  13:42  Disruptor (Chrono Boost)  
  189  13:55  Zealot x2  
  189  14:02  Zealot x2  
  189  14:03  Dark Shrine, Zealot x3  
  191  14:10  Zealot  
  191  14:11  Zealot x2  
  189  14:22  Gateway  
  189  14:24  Gateway, Stalker x3  
  189  14:30  Probe x3  
  194  14:43  Zealot x4  
  194  14:44  Protoss Ground Armor Level 3 (Chrono Boost), Protoss Ground Weapons Level 3 (Chrono Boost)  
  199  14:51  Photon Cannon  
  199  14:53  Assimilator  
  199  14:54  Pylon, Assimilator  
  172  15:07  Disruptor x2  
  172  15:09  Stalker x2  
  172  15:10  Stalker x5  
  190  15:16  Shadow Stride (Chrono Boost)  
  190  15:19  Photon Cannon x2  
  190  15:23  Pylon  
  188  15:39  Zealot x2  
  188  15:40  Zealot x5  
  168  16:15  Stalker x9  
  168  16:16  Stalker x3  
  179  16:21  Observer  
  180  16:32  Nexus  
  174  16:35  Pylon  
  174  16:37  Pylon  
  174  16:39  Observer  
  162  16:42  Disruptor  
  156  16:49  Dark Templar x9  
  174  17:01  Pylon  
  174  17:04  Zealot x3  
  174  17:08  Disruptor  
  179  17:21  Disruptor  
  175  17:25  Dark Templar x3  
  175  17:26  Zealot x4  
  187  17:37  Zealot x3  
  158  18:06  Stalker  
  158  18:07  Stalker x11  
  158  18:11  Disruptor  
  181  18:24  Probe x2  
  175  18:27  Photon Cannon  
  175  18:29  Photon Cannon x2  
  173  18:48  Zealot x7  
  170  18:49  Zealot x2  
  175  19:08  Disruptor  
  153  19:13  Stalker x3  
  147  19:18  Nexus  
  147  19:25  Stalker x4  
  147  19:26  Disruptor  
  154  19:44  Stalker x4  
  160  19:48  Disruptor  
  159  20:02  Disruptor  
  158  20:07  Dark Templar x2  
  158  20:08  Dark Templar  
  158  20:10  Assimilator  
  158  20:11  Probe x2  
  158  20:12  Pylon, Assimilator  
  158  20:13  Dark Templar  
  168  20:15  Probe x2  
  168  20:18  Probe  
  168  20:20  Pylon  
  171  20:23  Probe, Unknown  
  171  20:24  Disruptor  
  173  20:37  Disruptor  
  173  20:42  Dark Templar  
  178  20:45  Zealot x4  
  178  20:46  Zealot x6  
  182  21:13  Zealot x4  
  182  21:17  Disruptor  
  182  21:18  Stalker x3  
  185  21:46  Dark Templar x3  
  185  21:47  Dark Templar x5  
  191  21:58  Dark Templar x4  
  183  22:23  Stalker  
  183  22:24  Stalker x7  
  183  22:28  Pylon  
  199  22:30  Photon Cannon  
  199  22:41  Observer  
  199  22:43  Dark Templar  
Tags
 
Add a new tag
Caveats
  • Supply blocks, unpowered buildings, or Contaminate may cause inaccurate times.
  • Supply counts are checked every 10 seconds.